 Dungeon Crawl Stone Soup version 0.22-b1-26-g9dbaab1 (webtiles) character file.

20 Marcoleric the Caller (level 3, 0/21 HPs)
             Began as a Halfling Summoner on Aug 7, 2018.
             Slain by a jackal (2 damage)
             ... on level 3 of the Dungeon.
             The game lasted 00:10:55 (1319 turns).

Marcoleric the Caller (Halfling Summoner)           Turns: 1319, Time: 00:10:56

Health: 0/21       AC:  2    Str:  9    XL:     3   Next: 0%
Magic:  1/6        EV: 15    Int: 14    God:
Gold:   63         SH:  0    Dex: 14    Spells: 4/6 levels left

rFire    x . .     SeeInvis .   e - +0 club
rCold    + . .     Gourm    .   (shield restricted)
rNeg     . . .     Faith    .   a - +0 robe
rPois    .         Spirit   .   (no helmet)
rElec    .         Reflect  .   (no cloak)
rCorr    .         Harm     .   (no gloves)
MR       .....                  (no boots)
Stlth    ++........             (no amulet)
HPRegen  0.07/turn              j - ring of ice
MPRegen  0.10/turn              (no ring)

@: about to teleport, very slightly contaminated
A: small, mutation resistance 1
a: no special abilities


You were on level 3 of the Dungeon.
You were full.

You visited 1 branch of the dungeon, and saw 3 of its levels.

You collected 63 gold pieces.

Inventory:

Hand Weapons
 e - a +0 club (weapon)
 k - a +0 dagger
Armour
 a - a +0 robe (worn)
 d - a cursed +0 shield
Jewellery
 j - a ring of ice (left hand)
Scrolls
 b - a scroll of amnesia
 g - a scroll of enchant weapon
 i - a scroll of teleportation
Comestibles
 c - a ration


   Skills:
 + Level 2.3 Dodging
 + Level 2.1 Stealth
 + Level 2.0 Spellcasting
 + Level 3.5 Summonings


You had 4 spell levels left.
You knew the following spells:

 Your Spells              Type           Power        Failure   Level  Hunger
b - Call Imp              Summ           ##......     9%          2    ###....

Your spell library contained the following spells:

 Spells                   Type           Power        Failure   Level  Hunger
 Summon Small Mammal      Summ           ##..         5%          1    ##.....
 Summon Ice Beast         Ice/Summ       #.......     75%         4    #####..
 Call Canine Familiar     Summ           ##......     16%         3    ####...
 Summon Lightning Spire   Summ/Air       #.......     75%         4    #####..
 Summon Guardian Golem    Hex/Summ       #.......     34%         3    ####...


Dungeon Overview and Level Annotations

Branches:
Dungeon (3/15)

Altars:

Annotations:
D:3 Robin


Innate Abilities, Weirdness & Mutations

You are small and have problems with some larger weapons.
You are somewhat resistant to further mutation.


Message History

You miscast Call Imp.
You are very lightly contaminated with residual magic.
You feel a strange surge of energy!
The hobgoblin no longer looks unusually strong.
You swap places.
The jackal barely misses you.
The goblin hits your crimson imp but does no damage.
Your crimson imp closely misses the goblin.
You hit the jackal but do no damage.
Your crimson imp disappears in a puff of smoke!
The jackal bites you but does no damage. x2
You closely miss the jackal. The jackal bites you.
The goblin hits you with a dagger.
Robin says, "My goblins will feast on your bones."
The jackal bites you.
* * * LOW HITPOINT WARNING * * *
As you read the scroll of teleportation, it crumbles to dust.
You feel strangely unstable. The goblin hits you with a dagger.
* * * LOW HITPOINT WARNING * * *
The jackal bites you.
You die...

#..g.g..#
#.. .)..#
#.###g#g#
#...gg..#
#g##.##.#
#gg§....#
#g#.g##.#
#g#.###.#
#@hg....#
###.#####
#.# #.#
#.# #.


You could see Robin, a jackal, a hobgoblin and 5 goblins.

Vanquished Creatures
  A ball python (D:1)
  A quokka (D:2)
  2 bats
4 creatures vanquished.

Vanquished Creatures (collateral kills)
  An adder (D:2)
  A worm (D:2)
  A bat (D:1)
  2 goblins
  A kobold (D:2)
  A quokka (D:2)
  2 frilled lizards (D:2)
  3 rats
12 creatures vanquished.

Grand Total: 16 creatures vanquished

Notes
Turn   | Place    | Note
-------+----------+-------------------------------------------
     0 | D:1      | Marcoleric the Halfling Summoner began the quest for the Orb.
     0 | D:1      | Reached XP level 1. HP: 11/11 MP: 3/3
   656 | D:2      | Reached XP level 2. HP: 17/17 MP: 0/4
   660 | D:2      | Learned a level 2 spell: Call Imp
  1298 | D:3      | Noticed Robin
  1307 | D:3      | Reached XP level 3. HP: 11/21 MP: 1/6
  1319 | D:3      | Slain by a jackal

Skill      XL: |  1  2 |
---------------+-------+-----
Spellcasting   | 2 |  2.0
Dodging        | |  2.3
Stealth        | |  2.1
Summonings     | |  3.5

Action                   || total
-------------------------++-------
Melee: Club              ||    25
       Unarmed           ||     5
 Cast: Summon Small Mamm ||    13
       Call Imp          ||     6
  Use: Potion            ||     1
       Scroll            ||     6
  Eat: Ration            ||     2
Armor: Robe              ||    20
Dodge: Dodged            ||    59
